 Dungeon Crawl Stone Soup version 0.17-a0-1763-g847a857 (console) character file.

20 Illiel the Shooter (level 2, -6/18 HPs)
             Began as a High Elf Arcane Marksman on Sept 5, 2015.
             Mangled by Sigmund
             ... wielding a +0 scythe
              (12 damage)
             ... on level 2 of the Dungeon.
             The game lasted 00:03:10 (661 turns).

Illiel the Shooter (High Elf Arcane Marksman)        Turns: 661, Time: 00:03:11

Health: -6/18      AC:  2    Str: 10    XL:     2   Next: 58%
Magic:  3/4        EV: 12    Int: 16    God:
Gold:   73         SH:  0    Dex: 14    Spells: 1 memorised, 2 levels left

rFire  . . .     SeeInvis .     a - +0 shortbow
rCold  . . .     Clarity  .     c - +0 robe
rNeg   . . .     SustAt   .     (no shield)
rPois  .         Gourm    .     (no helmet)
rElec  .         Spirit   .     (no cloak)
rCorr  .         Warding  .     (no gloves)
rMut   .         Stasis   .     (no boots)
MR     .....                    (no amulet)
Stlth  +.........               (no ring)
                                (no ring)

@: not resistant to hostile enchantments, very unstealthy
A: no striking features
a: no special abilities


You were on level 2 of the Dungeon.
You were not hungry.

You visited 1 branch of the dungeon, and saw 2 of its levels.

You collected 73 gold pieces.

Inventory:

Hand weapons
 a - a +0 shortbow (weapon)
Missiles
 b - 5 arrows (quivered)
Armour
 c - a +0 robe (worn)
Scrolls
 f - a scroll of enchant armour {unknown}
 h - a scroll of teleportation {unknown}
 i - a scroll of identify {unknown}
Potions
 g - 2 potions of degeneration {unknown}
 k - a potion of mutation {unknown}
Books
 d - a book of Debilitation

   Spells                             Type                      Level
   a - Corona                         Hexes                        1
   b - Slow                           Hexes                        2
   c - Gell's Gravitas                Hexes/Translocation          3
   d - Inner Flame                    Hexes/Fire                   3
   e - Cause Fear                     Hexes                        4
   f - Leda's Liquefaction            Hexes/Earth                  4
Comestibles
 e - a bread ration
 j - 2 meat rations
 l - a slice of pizza


   Skills:
 - Level 1.0 Fighting
 + Level 4.3 Bows
 - Level 2.1 Dodging
 - Level 1.2 Spellcasting
 - Level 3.0 Hexes


You had 2 spell levels left.
You knew the following spells:

 Your Spells              Type           Power        Failure   Level  Hunger
a - Corona                Hex            ##.....      10%         1    ##.....


Dungeon Overview and Level Annotations

Branches:
Dungeon (2/15)

Altars:

Annotations:
D:2 Sigmund


Message History

Press: ? - help, Shift-Dir - straight line, f - Sigmund
Aim: Sigmund, wielding a scythe and wearing a runed robe (heavily wounded, softly glowing, slightly transparent)
You shoot an arrow. The arrow hits Sigmund!
Sigmund is severely wounded.
Sigmund hits you from afar with a scythe!
Ouch! That really hurt!
Firing (i - inventory):
b - 7 arrows (quivered)
Press: ? - help, Shift-Dir - straight line, f/p - Sigmund
Aim: Sigmund, wielding a scythe and wearing a runed robe (severely wounded, softly glowing, slightly transparent)
You shoot an arrow.
The arrow hits Sigmund but does no damage.
Sigmund is severely wounded.
Firing (i - inventory):
b - 6 arrows (quivered)
Press: ? - help, Shift-Dir - straight line, f/p - Sigmund
Aim: Sigmund, wielding a scythe and wearing a runed robe (severely wounded, softly glowing, slightly transparent)
You shoot an arrow. The arrow hits Sigmund.
Sigmund is severely wounded.
Sigmund hits you from afar with a scythe!
Ouch! That really hurt!
You die...

∙▒ ∙∙▒▒ ▒ ▒∙▒ ∙∙▒ ∙▒
▒▒■▒▒▒▒▒▒∙▒▒ ▒∙▒▒∙▒
∙∙∙∙∙∙∙∙∙∙∙▒ ▒∙▒▒∙∙
∙∙∙∙<∙∙∙∙∙∙▒ ▒∙▒∙▒▒∙▒
∙∙∙∙∙∙∙∙>∙∙▒ ▒ ▒∙▒∙▒▒∙▒
∙∙∙∙∙∙∙∙∙∙∙▒▒∙▒∙▒∙▒∙▒▒∙▒
(∙(∙(@!@∙∙∙▒▒∙∙∙∙∙∙∙▒▒∙▒
∙∙∙∙∙∙∙∙∙∙∙■∙∙∙∙▒∙∙∙∙∙∙▒
∙∙∙∙∙∙∙∙∙∙∙▒▒▒▒▒▒▒▒∙∙∙∙∙
^∙∙∙∙∙∙∙∙∙∙∙∙∙∙∙∙∙∙∙∙∙∙▒
▒▒▒▒▒▒▒▒▒▒▒▒▒▒▒▒▒∙∙∙∙▒∙▒
▒∙▒▒∙▒∙▒ ▒∙▒▒∙▒▒▒
▒∙▒▒∙∙∙∙ ▒∙▒▒▒▒▒▒ ▒∙▒
▒∙∙ ▒▒▒


You could see Sigmund (invisible).

Vanquished Creatures
  3 hobgoblins (D:1)
  4 kobolds (D:1)
  2 bats (D:1)
  2 giant geckos (D:1)
  3 goblins (D:1)
  7 rats (D:1)
21 creatures vanquished.

Notes
Turn   | Place    | Note
--------------------------------------------------------------
     0 | D:1      | Illiel the High Elf Arcane Marksman began the quest for the Orb.
     0 | D:1      | Reached XP level 1. HP: 13/13 MP: 3/3
   235 | D:1      | Reached XP level 2. HP: 18/18 MP: 0/4
   336 | D:1      | Reached skill level 4 in Bows
   648 | D:2      | Noticed Sigmund
   661 | D:2      | Mangled by Sigmund

Vault maps used:
D:1:      dpeg_arrival_morbid_curiosity, kennysheep_another_room
D:2:      overflow_temple_1_default, lightli_temple_of_fire, uniq_sigmund

Action                   || total
-------------------------++-------
 Fire: Shortbow          ||    59
 Cast: Corona            ||    15
